 Dungeon Crawl Stone Soup version 0.27.1-35-g4d5d836560 (webtiles) character file.

Game seed: 18195718747278925574

1176 Delamore the Covert (level 8, -7/50 HPs)
             Began as an Octopode Brigand on Apr 22, 2022.
             Mangled by an orc warrior (22 damage)
             ... on level 4 of the Dungeon.
             The game lasted 00:05:45 (4982 turns).

Delamore the Covert (Octopode Brigand)              Turns: 4982, Time: 00:05:46

Health: -7/50      AC:  1    Str: 10    XL:     8   Next: 41%
Magic:  8/8        EV: 12    Int: 14    God:
Gold:   154        SH:  0    Dex: 15    Spells: 7/7 levels left

rFire    . . .     SeeInvis .   a - +5 dagger (vorpal)
rCold    . . .     Faith    .   (no shield)
rNeg     . . .     Spirit   .   (helmet restricted)
rPois    .         Reflect  .   (no amulet)
rElec    .         Harm     .   f - ring of willpower
rCorr    .         Rampage  .   (no ring)
Will     +....                  (no ring)
Stlth    +++++.....             (no ring)
HPRegen  0.16/turn              (no ring)
MPRegen  0.11/turn              (no ring)
                                (no ring)
                                (no ring)

@: no status effects
A: almost no armour, amphibious, 8 rings, camouflage 1, gelatinous body 1,
(nimble swimmer 1), tentacles
a: no special abilities


You were on level 4 of the Dungeon.
You visited 2 branches of the dungeon, and saw 5 of its levels.

You collected 234 gold pieces.
You spent 80 gold pieces at shops.

Inventory:

Hand Weapons
 a - a +5 vorpal dagger (weapon)
 q - a +0 short sword of venom
 s - a +0 rapier
Missiles
 b - 22 poisoned darts (quivered)
 g - 8 silver boomerangs
 k - a throwing net
Jewellery
 f - a ring of willpower (left tentacle)
Wands
 d - a wand of flame (17)
Scrolls
 i - 3 scrolls of teleportation
 j - a scroll of magic mapping
 n - a scroll of blinking
 r - a scroll of torment
 t - a scroll of immolation
Potions
 e - a potion of degeneration
 h - a potion of berserk rage
 l - a potion of heal wounds
 m - 2 potions of curing
 o - a potion of resistance {unknown}
 p - a potion of mutation {unknown}


   Skills:
 - Level 2.0 Fighting
 * Level 8.2 Short Blades
 - Level 2.0 Throwing
 - Level 1.0 Dodging
 + Level 9.6 Stealth


You had 7 spell levels left.
You didn't know any spells.
Your spell library contained the following spells:

 Spells                   Type           Power      Damage    Failure   Level
 Slow                     Hex            0%         N/A       41%         2
 Static Discharge         Conj/Air       0%         N/A       41%         2
 Confusing Touch          Hex            0%         N/A       65%         3
 Vampiric Draining        Necr           0%         2d6       65%         3
 Dispel Undead            Necr           0%         3d6       96%         4
 Sticky Flame             Conj/Fire      0%         2d3       96%         4
 Chain Lightning          Conj/Air       0%         N/A       100%        9
 Fire Storm               Conj/Fire      0%         5d1       100%        9


Dungeon Overview and Level Annotations

Branches:
Dungeon (4/15)             Temple (1/1) D:4

Altars:
Dithmenos
Elyvilon
Hepliaklqana
Nemelex Xobeh
Qazlal
Sif Muna
Uskayaw
Wu Jian
Xom
Yredelemnul
The Shining One

Shops:
D:4 !


Innate Abilities, Weirdness & Mutations

You cannot wear most types of armour.
You are amphibious.
You can wear up to eight rings at the same time.
Your skin changes colour to match your surroundings (Stealth+).
Your rubbery body absorbs attacks. (AC +1, EV +1)
((You are camouflaged near water. (Stealth+)))
You have tentacles for arms and can constrict up to eight enemies at once.


Message History

An orc comes into view. It is wielding a +0 dagger.
An orc and an orc warrior come into view.
The orc warrior shouts!
An orc wizard comes into view. It is wielding a +0 dagger.
The orc warrior hits you from afar with a +0 glaive!!
Ouch! That really hurt!
The orc wizard shouts! x2; The orc shouts!
You are too injured to fight recklessly!
You are too injured to fight recklessly!
You are too injured to fight recklessly!
You are too injured to fight recklessly!
You are too injured to fight recklessly!
You are too injured to fight recklessly!
You are too injured to fight recklessly!
You are too injured to fight recklessly!
You are too injured to fight recklessly!
You are too injured to fight recklessly!
Throw: dart (curare)
Press: ? - help, Q - select action, (/) - cycle Shift-Dir - straight line, f - orc wizard
Aim: an orc wizard, wielding a +0 dagger and wearing a +0 robe (53% to hit)
You throw a curare-tipped dart.
The curare-tipped dart closely misses the orc wizard.
The orc wizard mumbles some strange words.
The orc wizard flickers and vanishes!
Deactivating autopickup; reactivate with Ctrl-A.
The orc warrior barely misses you. Something barely misses you.
Okay, then.
You hear some strange, mumbled words.
Something tries to affect you, but you resist.
The orc wizard casts a spell at you.
The puff of flame hits something!
A ball python comes into view.
Something hits you.
Found 11 gold pieces.
There is a stone staircase leading up here.
Something hits you.
* * * LOW HITPOINT WARNING * * *
The orc warrior hits you from afar with a +0 glaive!!
You die...

#$.....# #......#
#......# #......#
#S.....# #......#
###......######### ####
.......@.>.....#≈####...
.######{#.#....#≈≈≈##.##
#(...o.......###≈≈#.#
#.###...#......#≈≈#.# #.#
#..........≈≈≈..##
##.####..........≈≈≈...
#.................≈≈≈##
#o##....#.......≈.≈≈≈..##
#..o..o............≈≈.≈##


You could see an orc warrior and a ball python (asleep).

Vanquished Creatures
  6 yaks (D:4)
  A centaur skeleton (D:3)
  Crazy Yiuf (D:2)
  2 iguanas (D:4)
  Terence (D:2)
  A hound skeleton (D:4)
  3 gnolls (D:2)
  2 adders (D:2)
  3 worms
  13 dart slugs
  5 orcs
  8 ball pythons
  4 bats
  8 endoplasms
  A giant cockroach (D:2)
  6 hobgoblins
  2 jackals (D:4)
  5 kobolds
  2 quokkas (D:2)
  3 frilled lizards (D:1)
  A goblin (D:3)
  7 rats
85 creatures vanquished.

Vanquished Creatures (others)
  3 fungi (D:2)
  4 plants (D:2)
7 creatures vanquished.

Grand Total: 92 creatures vanquished

Notes
Turn   | Place    | Note
-------+----------+-------------------------------------------
     0 | D:1      | Delamore the Octopode Brigand began the quest for the Orb.
     0 | D:1      | Reached XP level 1. HP: 14/14 MP: 1/1
   375 | D:1      | Reached XP level 2. HP: 19/19 MP: 2/2
   880 | D:2      | Reached XP level 3. HP: 4/24 MP: 3/3
   947 | D:2      | Reached skill level 6 in Stealth
  1335 | D:2      | Found a faded altar of an unknown god.
  1433 | D:2      | Reached XP level 4. HP: 28/29 MP: 4/4
  1723 | D:2      | Noticed Terence
  1729 | D:2      | Killed Terence
  1735 | D:2      | Found a runed translucent door.
  1736 | D:2      | Noticed Crazy Yiuf
  1946 | D:2      | Killed Crazy Yiuf
  1947 | D:2      | Reached XP level 5. HP: 34/34 MP: 5/5
  2477 | D:3      | Found a basalt altar of Yredelemnul.
  2493 | D:3      | Reached skill level 7 in Stealth
  2572 | D:3      | Reached skill level 5 in Short Blades
  3226 | D:4      | Found a shimmering altar of Xom.
  3349 | D:4      | Reached XP level 6. HP: 39/39 MP: 6/6
  3437 | D:4      | Noticed a yak
  3438 | D:4      | Noticed a yak
  3439 | D:4      | Noticed a yak
  3440 | D:4      | Noticed a yak
  3440 | D:4      | Noticed a yak
  3440 | D:4      | Noticed a yak
  3464 | D:4      | Killed a yak
  3504 | D:4      | Killed a yak
  3505 | D:4      | Reached skill level 8 in Stealth
  3505 | D:4      | Reached XP level 7. HP: 12/45 MP: 7/7
  3799 | D:4      | Killed a yak
  3910 | D:4      | Killed a yak
  3911 | D:4      | Reached XP level 8. HP: 22/50 MP: 8/8
  4109 | D:4      | Killed a yak
  4110 | D:4      | Reached skill level 9 in Stealth
  4131 | D:4      | Killed a yak
  4422 | D:4      | Found a staircase to the Ecumenical Temple.
  4439 | Temple   | Entered the Ecumenical Temple
  4576 | D:4      | Found Memer's Distillery.
  4590 | D:4      | Bought a potion of heal wounds for 50 gold pieces
  4590 | D:4      | Bought a potion of curing for 30 gold pieces
  4982 | D:4      | Mangled by an orc warrior

Illustrated notes

Levels and vault maps discovered:
D:1:      wander_arrival_estate, layout_basic
D:2:      layout_rooms, shapermc_ecumenical_altar_mp_ritualfount,
          minmay_misc_feat_alley, uniq_crazy_yiuf_cottage, uniq_terence
D:3:      kennysheep_slugbush, layout_basic, mainiacjoe_overflow_paths,
          minmay_strange_pillars, kennysheep_generic_room_14
D:4:      layout_basic, amcnicky_altar_gilded, minmay_temple_entry_poolview,
          serial_shops, shop, chequers_serial_rivers_small_3
Temple:   nicolae_temple_figure_zero

Skill      XL: |  1  2  3  4  5  6  7  8 |
---------------+-------------------------+-----
Short Blades   | 3 4 5 6 7 8 |  8.2
Stealth        | 6 7 8 9 |  9.6
Fighting       | |  2.0
Throwing       | |  2.0
Dodging        | |  1.0

Action                   |  1- 3 |  4- 6 |  7- 9 || total
-------------------------+-------+-------+-------++-------
Melee: Dagger            |    40 |    88 |     8 ||   136
       Tentacles         |     4 |    20 |     6 ||    30
       Constrict         |     4 |    18 |     2 ||    24
       Short sword       |       |     5 |    24 ||    29
Throw: Dart              |     7 |    24 |     8 ||    39
       Boomerang         |       |       |    25 ||    25
  Use: Scroll            |       |     9 |     3 ||    12
 Stab: Sleeping          |    10 |    21 |     5 ||    36
       Distracted        |       |     1 |       ||     1
Armor: Skin              |     4 |     6 |     1 ||    11
Dodge: Dodged            |    19 |    38 |    11 ||    68
